BR (22 & UNDER)
AMITY GARDENS WESTERNERS @ CORONADO ECLIPSE
09/30/2030
 
TOP OF THE 1ST
Amity Gardens Westerners batting - Pitching for Coronado Eclipse : RHP Robbie Martin
Pitching: RHP Robbie Martin
Batting: RHB Júlio Castillo 0-0: Ball
1-0: Called Strike
1-1: Swinging Strike
1-2: Ball
2-2: Strikes out swinging
Batting: RHB Carlos Dumenigo 0-0: Called Strike
0-1: Ball
1-1: Ball
2-1: Ball
3-1: Base on Balls
Batting: RHB Millard Cummings 0-0: Ball
Carlos Dumenigo is caught stealing 2nd base
1-0: Foul Ball, location: 2F
1-1: DOUBLE (Line Drive, 7LD)
Batting: RHB Bill Starr 0-0: Called Strike
0-1: Foul Ball, location: 2F
0-2: SINGLE (Line Drive, 7S)
Millard Cummings to third
Batting: LHB Jack Mitchell 0-0: Ball
1-0: Ball
2-0: Foul Ball, location: 2F
2-1: Ball
3-1: Base on Balls
Bill Starr to second
Batting: RHB Luis López 0-0: Foul Ball, location: 2F
0-1: Fielders Choice at 2nd, 6-4 (Groundball, 6)
Top of the 1st over - 0 runs, 2 hits, 0 errors, 3 left on base; Amity Gardens 0 - Coronado 0
BOTTOM OF THE 1ST
Coronado Eclipse batting - Pitching for Amity Gardens Westerners : RHP Jimmy Lewis
Pitching: RHP Jimmy Lewis
Batting: RHB Galtero Confalonieri 0-0: Fly out, F4 (Line Drive, 4M)
Batting: SHB José Acevedo 0-0: Foul Ball, location: 2F
0-1: Ground out 4-3 (Groundball, 4M)
Batting: RHB Andrés Casillas 0-0: Ball
1-0: SINGLE (Line Drive, 6D)
Batting: RHB Ramón Ramírez 0-0: Ball
1-0: Foul Ball, location: 2F
1-1: Fly out, F8 (Flyball, 8LM)
Bottom of the 1st over - 0 runs, 1 hit, 0 errors, 1 left on base; Amity Gardens 0 - Coronado 0
TOP OF THE 2ND
Amity Gardens Westerners batting - Pitching for Coronado Eclipse : RHP Robbie Martin
Batting: SHB Howard Romero 0-0: Ball
1-0: Called Strike
1-1: SINGLE (Groundball, 34D)
Batting: RHB Iván Ramón 0-0: Swinging Strike
0-1: Ball
1-1: Swinging Strike
1-2: Foul Ball, location: 2F
1-2: Ball
2-2: Strikes out swinging
Batting: RHB Jorge García 0-0: Ball
1-0: Ball
Howard Romero steals 2nd base
2-0: Called Strike
2-1: DOUBLE (Groundball, 5L)
Howard Romero scores
Batting: RHB Júlio Castillo 0-0: Ball
1-0: Ball
2-0: Foul Ball, location: 2F
2-1: Foul Ball, location: 2F
2-2: Strikes out swinging
Batting: RHB Carlos Dumenigo 0-0: Fly out, F8 (Flyball, 8RD)
Top of the 2nd over - 1 run, 2 hits, 0 errors, 1 left on base; Amity Gardens 1 - Coronado 0
BOTTOM OF THE 2ND
Coronado Eclipse batting - Pitching for Amity Gardens Westerners : RHP Jimmy Lewis
Batting: RHB Ramón Espinoza 0-0: Swinging Strike
0-1: Foul Ball, location: 2F
0-2: Ball
1-2: Ball
2-2: SINGLE (Line Drive, 78S)
Batting: RHB Brian Jones 0-0: Called Strike
0-1: Called Strike
0-2: Ball
1-2: Fly out, F7 (Flyball, 7)
Batting: RHB Vincente Ayala 0-0: Ball
1-0: Fly out, F5 (Popup, 6S)
Batting: RHB Brandon Smith 0-0: Ball
1-0: Ball
2-0: Foul Ball, location: 2F
2-1: Foul Ball, location: 2F
2-2: Ball
3-2: Fly out, F3 (Popup, 3S)
Bottom of the 2nd over - 0 runs, 1 hit, 0 errors, 1 left on base; Amity Gardens 1 - Coronado 0
TOP OF THE 3RD
Amity Gardens Westerners batting - Pitching for Coronado Eclipse : RHP Robbie Martin
Batting: RHB Millard Cummings 0-0: Foul Ball, location: 2F
0-1: Ground out 3-1 (Groundball, 34S)
Batting: RHB Bill Starr 0-0: Swinging Strike
0-1: Called Strike
0-2: Ball
1-2: Ball
2-2: Ground out 5-3 (Groundball, 56)
Batting: LHB Jack Mitchell 0-0: Called Strike
0-1: Foul Ball, location: 2F
0-2: Ball
1-2: SINGLE (Groundball, 34D)
Batting: RHB Luis López 0-0: Swinging Strike
0-1: Called Strike
0-2: Foul Ball, location: 2F
0-2: Ball
1-2: Strikes out swinging
Top of the 3rd over - 0 runs, 1 hit, 0 errors, 1 left on base; Amity Gardens 1 - Coronado 0
BOTTOM OF THE 3RD
Coronado Eclipse batting - Pitching for Amity Gardens Westerners : RHP Jimmy Lewis
Batting: LHB Ken Miller 0-0: Ball
1-0: Ball
2-0: Foul Ball, location: 2F
2-1: Ball
3-1: Called Strike
3-2: Foul Ball, location: 2F
3-2: Ground out 4-3 (Groundball, 4)
Batting: RHB Galtero Confalonieri 0-0: Called Strike
0-1: Swinging Strike
0-2: Ground out U3 (Groundball, 34S)
Batting: SHB José Acevedo 0-0: Ground out 2-3 (Groundball, 2L)
Bottom of the 3rd over - 0 runs, 0 hits, 0 errors, 0 left on base; Amity Gardens 1 - Coronado 0
TOP OF THE 4TH
Amity Gardens Westerners batting - Pitching for Coronado Eclipse : RHP Robbie Martin
Batting: SHB Howard Romero 0-0: SINGLE (Groundball, 25) (infield hit)
Batting: RHB Iván Ramón 0-0: Called Strike
0-1: Ball
1-1: Foul Ball, location: 2F
1-2: Strikes out looking
Batting: RHB Jorge García 0-0: Ball
1-0: Swinging Strike
1-1: Ball
2-1: Swinging Strike
2-2: Strikes out swinging
Batting: RHB Júlio Castillo 0-0: Ball
1-0: Ball
2-0: Ball
3-0: Called Strike
3-1: Fielders Choice at 2nd, 6-4 (Groundball, 6)
Top of the 4th over - 0 runs, 1 hit, 0 errors, 1 left on base; Amity Gardens 1 - Coronado 0
BOTTOM OF THE 4TH
Coronado Eclipse batting - Pitching for Amity Gardens Westerners : RHP Jimmy Lewis
Batting: RHB Andrés Casillas 0-0: Foul Ball, location: 2F
0-1: SINGLE (Line Drive, 7LS)
Batting: RHB Ramón Ramírez 0-0: Called Strike
0-1: Swinging Strike
0-2: Strikes out swinging
Batting: RHB Ramón Espinoza 0-0: SINGLE (Popup, 6D)
Andrés Casillas to second
Batting: RHB Brian Jones 0-0: Ball
1-0: Foul Ball, location: 2F
1-1: Foul Ball, location: 2F
1-2: Ball
2-2: Ball
3-2: SINGLE (Line Drive, 8LS)
Andrés Casillas to third
Ramón Espinoza to second
Batting: RHB Vincente Ayala 0-0: Ball
1-0: Ground out 5-3 (Groundball, 56S)
Andrés Casillas scores
Ramón Espinoza to third
Brian Jones to second
Batting: RHB Brandon Smith 0-0: Called Strike
0-1: Ball
Wild Pitch!
Ramón Espinoza scores
Brian Jones to third
1-1: Ball
2-1: Ball
3-1: Ground out 6-3 (Groundball, 6)
Bottom of the 4th over - 2 runs, 3 hits, 0 errors, 1 left on base; Amity Gardens 1 - Coronado 2
TOP OF THE 5TH
Amity Gardens Westerners batting - Pitching for Coronado Eclipse : RHP Robbie Martin
Batting: RHB Carlos Dumenigo 0-0: Swinging Strike
0-1: Foul Ball, location: 2F
0-2: Hit by Pitch
Batting: RHB Millard Cummings 0-0: Called Strike
0-1: Foul Ball, location: 2F
0-2: Ball
1-2: Ball
2-2: Foul Ball, location: 2F
2-2: Ball
3-2: SINGLE (Line Drive, 4MD)
Carlos Dumenigo to second
Carlos Dumenigo to third
Pitching: RHP Ash Coker
Batting: RHB Bill Starr 0-0: Ball
1-0: Ground out 6-3 (Groundball, 6)
Millard Cummings to second
Batting: LHB Jack Mitchell 0-0: Ball
1-0: Called Strike
1-1: Ball
2-1: Swinging Strike
2-2: Strikes out swinging
Batting: RHB Luis López 0-0: Ball
1-0: Foul Ball, location: 2F
1-1: Swinging Strike
1-2: Strikes out looking
Top of the 5th over - 0 runs, 1 hit, 0 errors, 2 left on base; Amity Gardens 1 - Coronado 2
BOTTOM OF THE 5TH
Coronado Eclipse batting - Pitching for Amity Gardens Westerners : RHP Jimmy Lewis
Batting: LHB Ken Miller 0-0: Called Strike
0-1: Ball
1-1: Foul Ball, location: 2F
1-2: Foul Ball, location: 2F
1-2: Ball
2-2: Foul Ball, location: 2F
2-2: Foul Ball, location: 2F
2-2: Strikes out swinging
Batting: RHB Galtero Confalonieri 0-0: Ball
1-0: Swinging Strike
1-1: Fly out, F9 (Flyball, 89D)
Batting: SHB José Acevedo 0-0: Called Strike
0-1: Ball
1-1: Ball
2-1: Ball
3-1: Fly out, F7 (Flyball, 7S)
Bottom of the 5th over - 0 runs, 0 hits, 0 errors, 0 left on base; Amity Gardens 1 - Coronado 2
TOP OF THE 6TH
Amity Gardens Westerners batting - Pitching for Coronado Eclipse : RHP Ash Coker
Batting: SHB Howard Romero 0-0: Called Strike
0-1: Ball
1-1: Foul Ball, location: 2F
1-2: Ground out 4-3 (Groundball, 4S)
Batting: RHB Iván Ramón 0-0: Swinging Strike
0-1: Swinging Strike
0-2: Ball
1-2: Foul Ball, location: 2F
1-2: Foul Ball, location: 2F
1-2: Foul Ball, location: 2F
1-2: Strikes out swinging
Batting: RHB Jorge García 0-0: Called Strike
0-1: Foul Ball, location: 2F
0-2: Foul Ball, location: 2F
0-2: Ball
1-2: Foul Ball, location: 2F
1-2: Foul Ball, location: 2F
1-2: Strikes out swinging
Top of the 6th over - 0 runs, 0 hits, 0 errors, 0 left on base; Amity Gardens 1 - Coronado 2
BOTTOM OF THE 6TH
Coronado Eclipse batting - Pitching for Amity Gardens Westerners : RHP Jimmy Lewis
Batting: RHB Andrés Casillas 0-0: Ball
1-0: Ground out 5-3 (Groundball, 25)
Batting: RHB Ramón Ramírez 0-0: Ball
1-0: Called Strike
1-1: Foul Ball, location: 2F
1-2: Ball
2-2: Ground out 5-3 (Groundball, 56)
Batting: RHB Ramón Espinoza 0-0: Called Strike
0-1: SINGLE (Line Drive, 8LS)
Batting: RHB Brian Jones 0-0: Fly out, F8 (Flyball, 8RS)
Bottom of the 6th over - 0 runs, 1 hit, 0 errors, 1 left on base; Amity Gardens 1 - Coronado 2
TOP OF THE 7TH
Amity Gardens Westerners batting - Pitching for Coronado Eclipse : RHP Ash Coker
Batting: RHB Júlio Castillo 0-0: Ball
1-0: Swinging Strike
1-1: Called Strike
1-2: Foul Ball, location: 2F
1-2: Strikes out swinging
Batting: RHB Carlos Dumenigo 0-0: Foul Ball, location: 2F
0-1: Swinging Strike
0-2: Ball
1-2: Strikes out swinging
Batting: RHB Millard Cummings 0-0: Called Strike
0-1: SINGLE (Line Drive, 7S)
Batting: RHB Bill Starr 0-0: Ball
1-0: Ball
2-0: Ball
3-0: Called Strike
3-1: Fly out, F8 (Flyball, 89D)
Top of the 7th over - 0 runs, 1 hit, 0 errors, 1 left on base; Amity Gardens 1 - Coronado 2
BOTTOM OF THE 7TH
Coronado Eclipse batting - Pitching for Amity Gardens Westerners : RHP Jimmy Lewis
Pitching: RHP Esteban González
Batting: RHB Vincente Ayala 0-0: Foul Ball, location: 2F
0-1: Ball
1-1: Foul Ball, location: 2F
1-2: Strikes out swinging, 2-3 out at first.
Batting: RHB Brandon Smith 0-0: Called Strike
0-1: Foul Ball, location: 2F
0-2: Fly out, F7 (Flyball, 78S)
Batting: LHB Ken Miller 0-0: Ball
1-0: Called Strike
1-1: Ball
2-1: Foul Ball, location: 2F
2-2: Ball
3-2: SINGLE (Groundball, 56D)
Batting: RHB Galtero Confalonieri 0-0: Ball
1-0: Ball
2-0: Foul Ball, location: 2F
2-1: Ground out 5-3 (Groundball, 2L)
Bottom of the 7th over - 0 runs, 1 hit, 0 errors, 1 left on base; Amity Gardens 1 - Coronado 2
TOP OF THE 8TH
Amity Gardens Westerners batting - Pitching for Coronado Eclipse : RHP Ash Coker
Batting: LHB Jack Mitchell 0-0: Called Strike
0-1: Foul Ball, location: 2F
0-2: Ball
1-2: Strikes out looking
Batting: RHB Luis López 0-0: Foul Ball, location: 2F
0-1: SINGLE (Flyball, 78M)
Batting: SHB Howard Romero 0-0: Foul Ball, location: 2F
0-1: Ball
1-1: Foul Ball, location: 2F
1-2: Ball
2-2: Strikes out looking
Batting: RHB Iván Ramón 0-0: Ball
1-0: Ball
2-0: Swinging Strike
2-1: Ball
3-1: Ground out 5-3 (Groundball, 56)
Top of the 8th over - 0 runs, 1 hit, 0 errors, 1 left on base; Amity Gardens 1 - Coronado 2
BOTTOM OF THE 8TH
Coronado Eclipse batting - Pitching for Amity Gardens Westerners : RHP Esteban González
Batting: SHB José Acevedo 0-0: Called Strike
0-1: Fly out, F7 (Flyball, 7D)
Batting: RHB Andrés Casillas 0-0: Fly out, F9 (Flyball, 9LMF)
Batting: RHB Ramón Ramírez 0-0: Foul Ball, location: 2F
0-1: Ball
1-1: Ball
2-1: Fly out, F8 (Flyball, 8RS)
Bottom of the 8th over - 0 runs, 0 hits, 0 errors, 0 left on base; Amity Gardens 1 - Coronado 2
TOP OF THE 9TH
Amity Gardens Westerners batting - Pitching for Coronado Eclipse : RHP Ash Coker
Pitching: RHP Valentín Rosas
Pinch Hitting: RHB Pete Rudder 0-0: Ground out 6-3 (Groundball, 56)
Batting: RHB Júlio Castillo 0-0: Reached on error, E6 (Groundball, 56)
Batting: RHB Carlos Dumenigo 0-0: Fielders Choice at 2nd, 4-6 (Groundball, 34)
Batting: RHB Millard Cummings 0-0: Swinging Strike
0-1: Foul Ball, location: 2F
0-2: Ball
1-2: Ball
2-2: Ball
3-2: Strikes out swinging
Top of the 9th over - 0 runs, 0 hits, 1 error, 1 left on base; Amity Gardens 1 - Coronado 2
Saturday, April 7th, 2018 - OOTP Baseball 18.8 Build 76